 Dungeon Crawl Stone Soup version 0.20-a0-924-gfa95efa (webtiles) character file.

2879 Deemzul the Martial Artist (level 9, -9/64 HPs)
             Began as an Octopode Monk on Mar 27, 2017.
             Was an Elder of Dithmenos.
             Mangled by a wolf (12 damage)
             ... led by Grum
             ... on level 8 of the Dungeon.
             The game lasted 00:08:11 (7843 turns).

Deemzul the Martial Artist (Octopode Monk)          Turns: 7843, Time: 00:08:12

Health: -9/64      AC:  2    Str: 11    XL:     9   Next: 76%
Magic:  9/9        EV: 14    Int: 14    God:    Dithmenos [****..]
Gold:   434        SH:  0    Dex: 17    Spells: 8/8 levels left

rFire    x . .     SeeInvis .     - Unarmed
rCold    + . .     Gourm    .   (no shield)
rNeg     . . .     Faith    .   (helmet restricted)
rPois    +         Spirit   .   (no amulet)
rElec    .         Reflect  .   r - ring of poison resistance
rCorr    .         Harm     .   i - ring of ice
MR       .....                  v - ring of stealth
Stlth    ++++++++..             C - ring of wizardry
Regen    0.2/turn               (no ring)
MPRegen  0.2/turn               (no ring)
                                (no ring)
                                (no ring)

@: wreathed by umbra
A: almost no armour, stealthy swim, amphibious, 8 rings, constrict 8, fangs 1,
rugged brown scales 1, camouflage 1, clever 1, gelatinous body 1, no potion heal
1
a: Shadow Step, Renounce Religion


You were on level 8 of the Dungeon.
You worshipped Dithmenos.
Dithmenos was greatly pleased with you.
You were not hungry.

You visited 2 branches of the dungeon, and saw 9 of its levels.

You collected 434 gold pieces.

Inventory:

Hand Weapons
 o - a +1 short sword of speed
 p - a +0 trident of flaming
Armour
 n - a +0 shield
Jewellery
 i - a ring of ice (right tentacle)
 r - a ring of poison resistance (left tentacle)
 v - a ring of stealth (on tentacle)
 C - a ring of wizardry (on tentacle)
Wands
 m - a wand of iceblast (6/15)
 y - a wand of digging (16/24)
 A - a wand of acid (4/15)
Scrolls
 b - a scroll of random uselessness {unknown}
 e - 6 scrolls of remove curse {unknown}
 f - 5 scrolls of enchant armour {unknown}
 g - a scroll of blinking {unknown}
 h - 5 scrolls of teleportation {unknown}
 k - 4 scrolls of immolation {unknown}
 s - a scroll of enchant weapon {unknown}
 u - 9 scrolls of identify {unknown}
 x - 3 scrolls of magic mapping {unknown}
 z - a scroll of holy word {unknown}
Potions
 d - a potion of agility
 j - 5 potions of curing
 l - 2 potions of haste {unknown}
 q - a potion of berserk rage {unknown}
 t - 2 potions of brilliance {unknown}
 w - 2 potions of ambrosia {unknown}
Books
 B - a book of Conjurations

   Spells                             Type                      Level
   a - Magic Dart                     Conjuration                  1
   b - Searing Ray                    Conjuration                  2
   c - Dazzling Spray                 Conjuration/Hexes            3
   d - Fulminant Prism                Conjuration/Hexes            4
   e - Force Lance                    Conjuration/Translocation    4
   f - Iskenderun's Mystic Blast      Conjuration                  4
Comestibles
 a - 7 bread rations
 c - 2 royal jellies


   Skills:
 + Level 6.9 Fighting
 - Level 3.0 Dodging
 + Level 6.9 Stealth
 + Level 5.4 Shields
 * Level 9.6 Unarmed Combat


You had 8 spell levels left.
You didn't know any spells.

Dungeon Overview and Level Annotations

Branches:
Dungeon (8/15)             Temple (1/1) D:7
   Lair: D:8-11

Altars:
Cheibriados
Dithmenos
Fedhas
Gozag
Hepliaklqana
Makhleb
Nemelex Xobeh
Okawaru
Uskayaw
Xom
Zin

Annotations:
D:7 endorz's ghost, novice GrFi
D:8 Grum


Innate Abilities, Weirdness & Mutations

You cannot wear most types of armour.
You are very stealthy in the water. (Stealth+)
You are amphibious.
You can wear up to eight rings at the same time.
You can use your tentacles to constrict eight enemies at once.
Your skin changes colour to match your surroundings (Stealth+).
Your rubbery body absorbs attacks. (AC +1, EV +1)
You have very sharp teeth.
You are partially covered in rugged brown scales. (AC +1, +3% HP)
Your mind is acute. (Int +2)
Potions are less effective at restoring your health.


Message History

You barely miss the wolf. You grab the wolf.
You bite the wolf, but do no damage. You constrict Grum.
You constrict the wolf. The wolf bites you but does no damage.
Grum points his finger and barks, "Attack!"
Grum hits you with a spear!
The wolf struggles to escape constriction.
Unknown command.
You bludgeon Grum!
Grum is severely wounded.
You constrict Grum. You constrict the wolf. The wolf bites you.
Grum hits you with a spear!
* * * LOW HITPOINT WARNING * * *
Unknown command.
You tentacle-slap Grum but do no damage.
You bite Grum, but do no damage.
Grum is severely wounded.
You constrict Grum. You constrict the wolf. The wolf bites you!
* * * LOW HITPOINT WARNING * * *
Grum closely misses you. The wolf bites you!
You die...

#....# #....# #....# .
#....# .. #....# ...
#....# ... #####....#
..#
#......######+####...###
#......'........@hh.....
#......#.........gh.....
#......###########....##
............ ....#
............ ...+
............+ ...#
............# ###
...######.... ...# ....


You could see Grum and 3 wolves.

Vanquished Creatures
  Grinder (D:4)
  Eustachio (D:5)
  A hungry ghost (D:7)
  Duvessa (D:6)
  An orc warrior (D:8)
  A phantom (D:7)
  A sky beast (D:5)
  A necrophage (D:7)
  A centaur (D:7)
  A big kobold (D:7)
  3 bullfrogs
  A scorpion (D:6)
  Dowan (D:6)
  4 wights (D:6)
  7 howler monkeys
  An orc priest (D:6)
  3 hounds
  Crazy Yiuf (D:3)
  2 centaur zombies
  3 bullfrog skeletons
  2 centaur skeletons
  2 jellies
  Jessica (D:3)
  Ijyb (D:5)
  An iguana (D:6)
  Natasha (twice) (D:4)
  2 orc wizards
  5 worker ants
  A hound zombie (D:6)
  A hound skeleton (D:7)
  Robin (D:3)
  4 gnolls
  A howler monkey skeleton (D:5)
  14 adders
  A shadow imp (D:5)
  3 oozes
  An adder skeleton (D:7)
  An adder zombie (D:6)
  3 worms (D:2)
  5 dart slugs
  5 leopard geckos
  20 orcs
  9 bats
  3 giant cockroaches
  17 goblins
  7 hobgoblins
  13 jackals
  12 kobolds
  4 quokkas
  3 ball pythons
  2 frilled lizards
  A quokka skeleton (D:6)
  6 rats
190 creatures vanquished.

Notes
Turn   | Place    | Note
-------+----------+-------------------------------------------
     0 | D:1      | Deemzul the Octopode Monk began the quest for the Orb.
     0 | D:1      | Reached XP level 1. HP: 16/16 MP: 1/1
    64 | D:1      | Reached XP level 2. HP: 18/21 MP: 2/2
   275 | D:1      | Reached skill level 4 in Unarmed Combat
   275 | D:1      | Reached XP level 3. HP: 25/26 MP: 3/3
  1050 | D:2      | Found a snail-covered altar of Cheibriados.
  1059 | D:2      | Reached XP level 4. HP: 28/31 MP: 4/4
  1436 | D:2      | Found a burning altar of Makhleb.
  1465 | D:2      | Reached XP level 5. HP: 19/37 MP: 5/5
  1667 | D:2      | Reached skill level 5 in Unarmed Combat
  1867 | D:3      | Found a hazy altar of Hepliaklqana.
  1895 | D:3      | Found an iron altar of Okawaru.
  2262 | D:3      | Noticed Robin
  2275 | D:3      | Killed Robin
  2551 | D:3      | Noticed Jessica
  2558 | D:3      | Killed Jessica
  2558 | D:3      | Reached skill level 1 in Shields
  2611 | D:3      | Found a runed door.
  2649 | D:3      | Found a blossoming altar of Fedhas.
  2885 | D:3      | Noticed Crazy Yiuf
  2894 | D:3      | Killed Crazy Yiuf
  2894 | D:3      | Reached XP level 6. HP: 23/43 MP: 6/6
  3332 | D:4      | Found a shadowy altar of Dithmenos.
  3334 | D:4      | Noticed Natasha
  3344 | D:4      | Killed Natasha
  3351 | D:4      | Became a worshipper of Dithmenos the Shadowed
  3351 | D:4      | Reached * piety under Dithmenos
  3351 | D:4      | Reached ** piety under Dithmenos
  3381 | D:4      | Reached skill level 6 in Unarmed Combat
  3398 | D:4      | Noticed Grinder
  3407 | D:4      | Killed Grinder
  3407 | D:4      | Reached XP level 7. HP: 31/49 MP: 7/7
  3915 | D:5      | Entered Level 5 of the Dungeon
  3924 | D:5      | Noticed Eustachio
  3933 | D:5      | Killed Eustachio
  3933 | D:5      | Reached skill level 5 in Fighting
  3933 | D:5      | Reached skill level 7 in Unarmed Combat
  4066 | D:4      | Noticed Natasha
  4073 | D:4      | Killed Natasha
  4073 | D:4      | Reached XP level 8. HP: 46/55 MP: 8/8
  4149 | D:5      | Noticed Ijyb
  4159 | D:5      | Killed Ijyb
  4480 | D:5      | Gained mutation: Potions are less effective at restoring your health. [mutagenic meat]
  4481 | D:5      | Gained mutation: You have very sharp teeth. [mutagenic meat]
  4483 | D:5      | Gained mutation: Your mind is acute. (Int +2) [mutagenic meat]
  4484 | D:5      | Gained mutation: You are partially covered in rugged brown scales. (AC +1, +3% HP) [mutagenic meat]
  5073 | D:6      | Reached skill level 8 in Unarmed Combat
  5082 | D:6      | Reached *** piety under Dithmenos
  5114 | D:6      | HP: 1/58 [wight/trident (4)]
  5454 | D:6      | Found a hide-covered altar of Uskayaw.
  5817 | D:6      | Noticed Dowan
  5847 | D:7      | Found a shimmering altar of Xom.
  5894 | D:7      | Reached skill level 5 in Stealth
  5894 | D:7      | Reached XP level 9. HP: 63/63 MP: 9/9
  6288 | D:7      | Reached skill level 9 in Unarmed Combat
  6379 | D:7      | Noticed endorz's ghost (novice GrFi)
  6704 | D:6      | Reached skill level 5 in Shields
  6771 | D:6      | Noticed Duvessa
  6780 | D:6      | Killed Dowan
  6788 | D:6      | Killed Duvessa
  7511 | D:7      | Reached **** piety under Dithmenos
  7524 | D:7      | Found a staircase to the Ecumenical Temple.
  7540 | Temple   | Entered the Ecumenical Temple
  7831 | D:8      | Noticed Grum
  7843 | D:8      | HP: 3/64 [wolf[Grum] (8)]
  7843 | D:8      | Mangled by a wolf

Vault maps used:
D:1:      minmay_arrival_three_doors, st_stairs_14
D:2:      old_standard_altar, cheibriados_altar_1
D:3:      nicolae_overflow_hidden_temple, fedhas_altar_4, grunt_ministairs_2,
          okawaru_ov_weapons_minmay, uniq_robin, uniq_crazy_yiuf_cottage,
          uniq_jessica
D:4:      first_bread, grunt_dithmenos_smoke_and_mirrors, uniq_natasha,
          uniq_grinder
D:5:      uniq_eustachio, uniq_iyjb
D:6:      eat_drink_and_be_merry_uskayaw, uniq_duvessa
D:7:      minmay_temple_entry_large_hall, basic_altar
D:8:      uniq_grum
Temple:   eino_temple_rhombus

Skill      XL: |  1  2  3  4  5  6  7  8  9 |
---------------+----------------------------+-----
Unarmed Combat | 4 5 6 7 8 9 |  9.6
Fighting       | 4 5 6 |  6.9
Shields        | 1 2 3 4 5 |  5.4
Stealth        | 3 5 6 |  6.9
Dodging        | |  3.0

Action                   |  1- 3 |  4- 6 |  7- 9 || total
-------------------------+-------+-------+-------++-------
Melee: Unarmed           |    60 |   136 |   315 ||   511
       Constrict         |    21 |    42 |    68 ||   131
       Tentacles         |    11 |    28 |    66 ||   105
       Punch             |     4 |     5 |    20 ||    29
       Bite              |       |       |    35 ||    35
  Use: Potion            |       |       |     7 ||     7
 Stab: Sleeping          |    10 |    11 |    16 ||    37
       Distracted        |       |     1 |     2 ||     3
       Invisible         |       |       |     4 ||     4
  Eat: Chunk             |       |     8 |    20 ||    28
Armor: Skin              |     6 |     7 |    23 ||    36
Dodge: Dodged            |    17 |    75 |   253 ||   345
